 Dungeon Crawl Stone Soup version 0.27.1-34-g3ba077fa99 (webtiles) character file.

Game seed: 8121374802631121976

108 boopmooplesden the Shield-Bearer (level 4, -1/40 HPs)
             Began as a Minotaur Fighter on Jan 6, 2022.
             Slain by an ogre (17 damage)
             ... on level 4 of the Dungeon.
             The game lasted 00:02:24 (3114 turns).

boopmooplesden the Shield-Bearer (Minotaur Fighter) Turns: 3114, Time: 00:02:24

Health: -1/40      AC:  7    Str: 21    XL:     4   Next: 58%
Magic:  3/3        EV:  7    Int:  5    God:
Gold:   207        SH:  9    Dex: 10    Spells: 3/3 levels left

rFire    . . .     SeeInvis .   h - +0 quick blade
rCold    . . .     Faith    .   c - +0 kite shield
rNeg     . . .     Spirit   .   b - +0 scale mail
rPois    .         Reflect  .   (helmet restricted)
rElec    .         Harm     .   (no cloak)
rCorr    .         Rampage  .   (no gloves)
Will     .....                  (no boots)
Stlth    ..........             (no amulet)
HPRegen  0.13/turn              (no ring)
MPRegen  0.08/turn              (no ring)

@: no status effects
A: horns 2, retaliatory headbutt
a: no special abilities


You were on level 4 of the Dungeon.
You visited 1 branch of the dungeon, and saw 4 of its levels.

You collected 207 gold pieces.

Inventory:

Hand Weapons
 a - a +0 flail
 h - a +0 quick blade (weapon)
Armour
 b - a +0 scale mail (worn)
 c - a +0 kite shield (worn)
Jewellery
 g - an amulet of faith
Scrolls
 e - a scroll of magic mapping {unknown}
 m - a scroll of amnesia {unknown}
Potions
 d - 2 potions of might
 f - 4 potions of curing
 i - a potion of heal wounds {unknown}
 j - a potion of resistance {unknown}
 k - a potion of magic {unknown}
 l - a potion of attraction {unknown}
 n - a potion of lignification {unknown}


   Skills:
 + Level 4.1 Fighting
 + Level 0.1 Short Blades
 + Level 3.6 Maces & Flails
 + Level 4.4 Armour
 + Level 0.5 Dodging
 + Level 0.8 Stealth
 + Level 4.5 Shields


You had 3 spell levels left.
You didn't know any spells.
Your spell library contained the following spells:

 Spells                   Type           Power      Damage    Failure   Level
 Sandblast                Erth           0%         2d4       99%         1
 Blink                    Tloc           N/A        N/A       100%        2
 Passwall                 Tmut/Erth      0%         N/A       100%        2
 Lesser Beckoning         Tloc           0%         N/A       100%        3
 Airstrike                Air            0%         N/A       100%        4
 Summon Lightning Spire   Summ/Air       0%         N/A       100%        4
 Lee's Rapid Deconstruct  Erth           0%         3d5*      100%        5
 Lightning Bolt           Conj/Air       0%         1d11      100%        5
 Manifold Assault         Tloc           0%         N/A       100%        5


Dungeon Overview and Level Annotations

Branches:
Dungeon (4/15)
 Temple: D:4-7

Altars:
Cheibriados
Trog


Innate Abilities, Weirdness & Mutations

You have a pair of horns on your head.
You reflexively headbutt those who attack you in melee.


Message History

There is an open door here.
A ball python comes into view.
The ball python hisses angrily.
A ball python is nearby!
A ball python is nearby!
A ball python is nearby!
You hit the ball python.
The ball python is severely wounded.
The ball python barely misses you. The ball python closely misses you.
You hit the ball python.
You kill the ball python!
You see here a ball python corpse.
An ogre comes into view. It is wielding a +0 giant club.
The ogre shouts!
An ogre is nearby!
An ogre is nearby!
An ogre is nearby!
You hit the ogre.
The ogre is moderately wounded.
The ogre hits you with a +0 giant club!
You hit the ogre. Your headbutt misses the ogre.
The ogre is moderately wounded.
The ogre closely misses you.
You hit the ogre.
The ogre is moderately wounded.
You barely miss the ogre.
The ogre is moderately wounded.
The ogre hits you with a +0 giant club!
You hit the ogre.
The ogre is moderately wounded.
The ogre hits you with a +0 giant club.
You barely miss the ogre.
The ogre is moderately wounded.
You barely miss the ogre. You headbutt the ogre.
The ogre is heavily wounded.
The ogre barely misses you. You furiously retaliate!
You headbutt the ogre. You completely miss the ogre.
The ogre is severely wounded.
The ogre hits you with a +0 giant club!
You die...

########################
......O.#...........#...
#####@#.#########.#.##
#.....#.....#.....#...
#.#########.#.########
#...........#.........
######################


You could see an ogre.

Vanquished Creatures
  A scorpion (D:3)
  2 worms (D:2)
  A dart slug (D:3)
  An orc (D:3)
  A ball python (D:4)
  3 bats
  6 endoplasms
  3 goblins
  6 hobgoblins
  A quokka (D:3)
  2 frilled lizards (D:1)
  4 kobolds
  4 rats
35 creatures vanquished.

Notes
Turn   | Place    | Note
-------+----------+-------------------------------------------
     0 | D:1      | boopmooplesden the Minotaur Fighter began the quest for the
                  | Orb.
     0 | D:1      | Reached XP level 1. HP: 19/19 MP: 0/0
   217 | D:1      | Reached XP level 2. HP: 23/27 MP: 1/1
  1000 | D:1      | Found a faded altar of an unknown god.
  1407 | D:2      | Reached XP level 3. HP: 33/33 MP: 2/2
  2269 | D:3      | Found a snail-covered altar of Cheibriados.
  2365 | D:3      | Found a bloodstained altar of Trog.
  2387 | D:3      | Noticed a scorpion
  2403 | D:3      | Killed a scorpion
  2404 | D:3      | Reached XP level 4. HP: 15/40 MP: 3/3
  3105 | D:4      | Noticed an ogre
  3114 | D:4      | Slain by an ogre

Illustrated notes

Levels and vault maps discovered:
D:1:      minmay_arrival_stone_box, layout_basic,
          shapermc_ecumenical_altar_hornbeckon
D:2:      layout_basic, kennysheep_generic_room_11
D:3:      layout_basic, lemuel_crystal_altar,
          mainiacjoe_overflow_concentric_impassable
D:4:      layout_basic, mainiacjoe_overflow_small_starburst, dk_xom_monty_hall,
          old_standard_altar, roderic_serpentine_path, amethyst_killhole

Skill      XL: |  1  2  3 |
---------------+----------+-----
Shields        | 4 |  4.5
Maces & Flails | 3 |  3.6
Fighting       | 4 |  4.1
Armour         | 4 |  4.4
Short Blades   | |  0.1
Dodging        | |  0.5
Stealth        | |  0.8

Action                   |  1- 3 |  4- 6 || total
-------------------------+-------+-------++-------
Melee: Flail             |    22 |       ||    22
       Quick blade       |    51 |    13 ||    64
       Headbutt          |    11 |     2 ||    13
  Use: Scroll            |     2 |       ||     2
Armor: Scale mail        |    24 |       ||    24
Dodge: Dodged            |    17 |     4 ||    21
Block: Kite shield       |    37 |     1 ||    38
